 Dungeon Crawl Stone Soup version bcrawl-1.14 (webtiles) character file.

Game seed: 1358376167154058796

28 Revguard the Ducker (level 3, -2/27 HPs)
             Began as a Barachi Archaeologist on Sept 9, 2019.
             Slain by an orc
             ... wielding a +2 dagger of electrocution
              (9 damage)
             ... on level 2 of the Dungeon.
             The game lasted 00:03:01 (1724 turns).

Revguard the Ducker (Barachi Archaeologist)         Turns: 1724, Time: 00:03:01

Health: -2/27      AC:  9    Str: 12    XL:     3   Next: 12%
Magic:  3/3        EV: 16    Int: 14    God:
Gold:   96         SH:  0    Dex: 16    Spells: 2/2 levels left

rFire    x . .     SeeInvis .   a - +0 whip
rCold    + . .     Gourm    .   (no shield)
rNeg     . . .     Faith    .   p - +0 scale mail
rPois    .         Spirit   .   c - +1 hat
rElec    .         Reflect  .   (no cloak)
rCorr    .         Harm     .   (no gloves)
MR       .....                  d - +1 pair of boots
Stlth    ++........             (no amulet)
HPRegen  0.09/turn              q - ring of ice
MPRegen  0.08/turn              (no ring)

@: agile, studying Long Blades, slow
A: +LOS, swims, slowness 1, strong legs 1
a: Hop


You were on level 2 of the Dungeon.
You were not hungry.

You visited 1 branch of the dungeon, and saw 2 of its levels.

You collected 96 gold pieces.

Inventory:

Hand Weapons
 a - a +0 whip (weapon)
Missiles
 j - 60 javelins (quivered)
Armour
 b - a +1 robe
 c - a +1 hat (worn)
 d - a +1 pair of boots (worn)
 p - a +0 scale mail (worn)
Jewellery
 q - a ring of ice (left hand)
Wands
 n - a wand of flame (13)
Scrolls
 h - 3 scrolls of teleportation {unknown}
 i - a scroll of amnesia {unknown}
 l - a scroll of identify {unknown}
 m - a scroll of noise {unknown}
 o - a scroll of magic mapping {unknown}
Potions
 k - a potion of agility
Books
 e - a manual of Long Blades
Miscellaneous
 f - an ancient crate
Comestibles
 g - a ration {!d}


   Skills:
 * Level 1.8 Fighting
 * Level 0.3 Long Blades
 - Level 1.4 Maces & Flails
 * Level 1.3 Armour
 + Level 3.9 Dodging
 - Level 3.0 Stealth


You had 2 spell levels left.
You didn't know any spells.
Your spell library was empty.

Dungeon Overview and Level Annotations

Branches:
Dungeon (2/12)

Altars:
Ru


Innate Abilities, Weirdness & Mutations

Shadows flee at your approach. (+LOS)
You can swim through water.
You cover ground slowly.
You can hop short distances.


Message History

Your scale mail prevents you from hitting the jackal.
The jackal is almost dead.
The rat bites you but does no damage. The jackal barely misses you.
The orc hits you with a +2 dagger of electrocution.
* * * LOW HITPOINT WARNING * * *
You hit the jackal.
You kill the jackal!
The rat completely misses you. The orc hits you but does no damage.
You feel agile all of a sudden. The rat barely misses you.
The orc closely misses you.
You hit the orc.
The orc is moderately wounded.
The rat completely misses you. The orc closely misses you.
You barely miss the orc.
The orc is moderately wounded.
The rat completely misses you. The orc closely misses you.
You hit the orc.
The orc is almost dead.
The rat misses you. The orc hits you but does no damage.
You are electrocuted!
You die...

.......## ........#
..#.#.#.# .#.#..#.#
#.......# ......#.#
#.#.#.#.## .....#.#
##........# .....#.#
#..#.#.#..#
...#.####r.o......#
#####...#....@........
...........##########
##.#.#.#.#
#####.......#
#.....#.#.#........
####.###........######
.........#.#.#..#
####.###.......## #
#.# ###.#####


You could see an orc and a rat.

Vanquished Creatures
  4 bats
  A giant cockroach (D:2)
  2 goblins (D:1)
  7 hobgoblins
  3 jackals (D:2)
  2 frilled lizards
  3 kobolds
  4 rats (D:1)
26 creatures vanquished.

Notes
Turn   | Place    | Note
-------+----------+-------------------------------------------
     0 | D:1      | Revguard the Barachi Archaeologist began the quest for the
                  | Orb.
     0 | D:1      | Reached XP level 1. HP: 15/15 MP: 1/1
   329 | D:1      | Reached XP level 2. HP: 21/21 MP: 2/2
   333 | D:1      | Reached skill level 1 in Armour
   822 | D:2      | HP: 1/22 [worm (8)]
  1402 | D:2      | Found a sacrificial altar of Ru.
  1659 | D:2      | Reached XP level 3. HP: 19/27 MP: 3/3
  1724 | D:2      | Slain by an orc

Skill      XL: |  1  2 |
---------------+-------+-----
Armour         | 1 |  1.3
Fighting       | |  1.8
Long Blades    | |  0.3
Maces & Flails | |  1.4
Dodging        | |  3.9
Stealth        | |  3.0

Action                   || total
-------------------------++-------
Melee: Whip              ||   133
  Use: Potion            ||     3
 Stab: Sleeping          ||     6
  Eat: Chunk             ||     1
       Ration            ||     1
Armor: Robe              ||    32
       Scale mail        ||    20
Dodge: Dodged            ||   116
